 Dungeon Crawl Stone Soup version 0.31-a0-348-g810772c3d7 (webtiles) character file.

Game seed: 8833258617593758583

2384 Bnni the Martial Artist (level 9, -8/50 HPs)
             Began as an Octopode Shapeshifter on July 23, 2023.
             Was an Initiate of Gozag.
             Mangled by an orc warrior
             ... wielding a +0 war axe
              (16 damage)
             ... in a bailey.
             The game lasted 00:15:38 (5035 turns).

Bnni the Martial Artist (Octopode Shapeshifter)     Turns: 5035, Time: 00:15:38

Health: -8/50      AC:  1    Str: 15    XL:     9   Next: 45%
Magic:  0/9        EV: 13    Int: 10    God:    Gozag
Gold:   234        SH:  0    Dex: 16    Spells: 8/8 levels left

rFire   . .          .
                       - Unarmed
rCold   . . .        (shield currently unavailable)
rNeg    + . .        (helmet restricted)
rPois   .            j - amulet of guardian spirit
rElec   .            r - ring of positive energy
rCorr   .            (no ring)
SInv    .            (no ring)
Will    .....        (no ring)
Stlth   ++           (no ring)
HPRegen 0.28/turn    (no ring)
MPRegen 0.11/turn    (no ring)
                     (no ring)

%: guardian spirit
@: blade tentacles, marked, gold aura
A: reduced hp, almost no armour, amphibious, 8 rings, camouflage 1, gelatinous
body 1, (nimble swimmer 1), tentacles
a: Begin Untransformation, Renounce Religion, Potion Petition, Call Merchant,
Bribe Branch


You were in a bailey.
You worshipped Gozag.
Gozag was aware of your devotion.
You had blades for main tentacles.
You visited 2 branches of the dungeon, and saw 8 of its levels.
You also visited: Bailey.

You collected 394 gold pieces.
You paid 160 gold pieces to Gozag.

Inventory:

Missiles
 c - 38 poisoned darts
 k - 3 curare-tipped darts
Armour
 l - an orb of guile
Jewellery
 j - an amulet of guardian spirit (around mantle)
 r - a ring of positive energy (left blade tentacle)
Talismans
 b - a beast talisman
 v - a blade talisman
Wands
 t - a wand of polymorph (7)
 u - a wand of charming (3)
 w - a wand of iceblast (6)
Scrolls
 d - a scroll of brand weapon {unknown}
 e - 3 scrolls of teleportation
 f - 2 scrolls of enchant armour {unknown}
 i - a scroll of vulnerability {unknown}
 m - a scroll of amnesia {unknown}
 p - a scroll of enchant weapon {unknown}
 s - 2 scrolls of fear
Potions
 a - a potion of lignification
 g - a potion of heal wounds
 h - a potion of attraction {unknown}
 n - 2 potions of brilliance {unknown}
 o - 3 potions of curing
 q - a potion of berserk rage {unknown}
 x - a potion of enlightenment


   Skills:
 + Level 5.5 Fighting
 - Level 2.0 Dodging
 * Level 8.4 Unarmed Combat
 * Level 7.2 Shapeshifting


You had 8 spell levels left.
You didn't know any spells.
Your spell library contained the following spells:

 Spells                   Type           Power      Damage    Failure   Level
 Freeze                   Ice            0%         1d3       78%         1
 Ensorcelled Hibernation  Hex/Ice        0%         N/A       87%         2
 Passwall                 Tmut/Erth      0%         N/A       87%         2
 Frozen Ramparts          Ice            0%         1d1       97%         3
 Hailstorm                Conj/Ice       0%         3d3       97%         3
 Portal Projectile        Hex/Tloc       0%         N/A       97%         3
 Swiftness                Air            0%         N/A       97%         3
 Tukima's Dance           Hex            0%         N/A       97%         3
 Iskenderun's Mystic Bla  Conj/Tloc      0%         2d3       100%        4
 Malign Gateway           Summ/Tloc      0%         N/A       100%        7
 Summon Horrible Things   Summ           0%         N/A       100%        8


Dungeon Overview and Level Annotations

Branches:
Dungeon (7/15)             Temple (1/1) D:7          Bailey (1/1)

Altars:
Ashenzari
Cheibriados
Dithmenos
Gozag
Hepliaklqana
Kikubaaqudgha
Makhleb
Nemelex Xobeh
Okawaru
Sif Muna
Uskayaw
Wu Jian

Shops:
D:1 =


Innate Abilities, Weirdness & Mutations

You have blades for main tentacles.
Your maximum health is decreased, since you lack skill for your form.
Your spellcasting is less reliable in this form.
You are incapable of wielding weapons or throwing items.
You cannot wear most types of armour.
You are amphibious.
You can wear up to eight rings at the same time.
Your skin changes colour to match your surroundings (Stealth+).
Your rubbery body absorbs attacks. (AC +1, EV +1)
((You are camouflaged when in or above water. (Stealth+)))
You have tentacles for arms and can constrict up to eight enemies at once.


Message History

You barely miss the orc warrior. You grab the orc warrior.
You constrict the orc warrior. The orc warrior closely misses you.
You hit the orc warrior but do no damage.
The orc warrior is lightly wounded.
You constrict the orc warrior. The orc warrior barely misses you.
You slash the orc warrior!
You squeeze the orc warrior, but do no damage.
The orc warrior is severely wounded.
You constrict the orc warrior.
The orc warrior hits you with a +0 hand axe!
You are too injured to fight recklessly!
You slice the orc warrior!!
You kill the orc warrior!
You hit the orc warrior but do no damage.
You grab the orc warrior.
You squeeze the orc warrior, but do no damage.
You constrict the orc warrior, but do no damage.
The orc warrior is distracted by your dazzling golden aura.
You catch the helpless orc warrior completely off-guard!
You hit the orc warrior but do no damage.
The orc warrior is no longer distracted by gold.
You constrict the orc warrior.
You hit the orc warrior but do no damage.
Your squeeze misses the orc warrior.
The orc warrior is lightly wounded.
You constrict the orc warrior.
The orc warrior hits you with a +0 war axe!
* * * LOW HITPOINT WARNING * * *
You release your grip on the orc warrior.
The orc warrior attacks as you move away!
The orc warrior hits you with a +0 war axe.
* * * LOW HITPOINT WARNING * * *
The orc warrior attacks as you move away!
The orc warrior closely misses you.
Things that are here:
a +0 hand axe; a +0 leather armour The orc warrior attacks as you move away!
The orc warrior hits you with a +0 war axe!!
You die...
Your body crumbles into a pile of gold.

###........≈≈≈≈≈≈≈≈≈###
##.......≈≈≈≈≈≈≈≈≈≈≈≈≈≈###
##......≈≈≈≈≈#########≈≈≈≈##
###....~≈≈≈≈≈≈∩#...!...#∩≈≈≈≈≈
###≈≈≈≈≈≈≈~≈≈.####.......####≈≈≈
#≈≈≈≈≈≈≈≈.....#..####'####..#..≈
######......###..oo$g.......###.
###.....#.'.o####'####..+ #(
##.......###@.# ... #.o# #.
#.....⌠..).#..# K...#..# #.
##......(..#'## .!..######.
##...........#########(.....
####..........(..).........
#############)##########
#.....##.... ##.....[.#.)
###########


You could see 2 orc warriors and an orc.

Vanquished Creatures
  An orc knight (Bailey)
  Grinder (D:5)
  A wyvern (D:7)
  Sigmund (D:5)
  Duvessa (D:4)
  3 orc warriors (Bailey)
  A sky beast (D:4)
  An ogre (D:4)
  A phantom (D:5)
  A kobold brigand (D:7)
  A bullfrog (D:7)
  3 scorpions (D:5)
  Dowan (D:4)
  A howler monkey (D:4)
  2 orc priests (D:5)
  An iron imp (D:3)
  5 iguanas
  An orc wizard (D:5)
  A gnoll (Bailey)
  4 adders
  2 shadow imps
  A white imp (D:7)
  5 worms
  10 orcs
  5 bats
  7 endoplasms
  2 giant cockroaches
  11 goblins
  9 hobgoblins
  A quokka (D:4)
  6 ball pythons
  5 frilled lizards
  25 kobolds
  2 rats (D:3)
123 creatures vanquished.

Notes
Turn   | Place    | Note
-------+----------+-------------------------------------------
     0 | D:1      | Bnni the Octopode Shapeshifter began the quest for the Orb.
     0 | D:1      | Reached XP level 1. HP: 13/13 MP: 1/1
   124 | D:1      | Reached XP level 2. HP: 18/18 MP: 2/2
   145 | D:1      | Found Hiewne's Jewellery Shop.
   429 | D:1      | Reached XP level 3. HP: 20/23 MP: 3/3
  1367 | D:3      | Reached XP level 4. HP: 18/29 MP: 4/4
  1746 | D:3      | Found a shimmering blue altar of Sif Muna.
  1923 | D:3      | Found a snail-covered altar of Cheibriados.
  1932 | D:3      | Reached skill level 4 in Unarmed Combat
  1964 | D:3      | Found a hazy altar of Hepliaklqana.
  2114 | D:3      | Reached XP level 5. HP: 28/34 MP: 5/5
  2327 | D:3      | Found a burning altar of Makhleb.
  2508 | D:4      | Noticed Duvessa
  2508 | D:4      | Noticed Dowan
  2659 | D:4      | Noticed an ogre
  2705 | D:4      | Killed an ogre
  2706 | D:4      | Reached XP level 6. HP: 41/41 MP: 6/6
  2733 | D:4      | Identified the +2 ring mail of a wizard's laboratory
                  | {*Corrode rPois Str+4}
  2993 | D:4      | Noticed a sky beast
  3006 | D:4      | Killed a sky beast
  3007 | D:4      | Reached skill level 5 in Unarmed Combat
  3119 | D:4      | Killed Duvessa
  3120 | D:4      | Reached XP level 7. HP: 46/46 MP: 7/7
  3120 | D:4      | Killed Dowan
  3473 | D:5      | Entered Level 5 of the Dungeon
  3495 | D:4      | Reached skill level 5 in Shapeshifting
  3869 | D:5      | Noticed Grinder
  3876 | D:5      | Reached skill level 6 in Unarmed Combat
  3880 | D:5      | Killed Grinder
  3881 | D:5      | Reached XP level 8. HP: 50/54 MP: 5/8
  4015 | D:5      | Noticed Sigmund
  4018 | D:5      | Killed Sigmund
  4054 | D:5      | Reached skill level 7 in Unarmed Combat
  4262 | D:6      | You fall into a shaft and drop 1 floor!
  4284 | D:7      | Noticed a wyvern
  4288 | D:7      | Killed a wyvern
  4418 | D:7      | Found a shadowy altar of Dithmenos.
  4450 | D:7      | Noticed a rust devil
  4473 | D:7      | Found a staircase to the Ecumenical Temple.
  4486 | Temple   | Entered the Ecumenical Temple
  4497 | Temple   | Became a worshipper of Gozag Ym Sagoz the Greedy
  4527 | D:7      | Noticed an angel
  4559 | D:7      | Reached XP level 9. HP: 39/60 MP: 7/9
  4696 | D:7      | Found a flagged portal.
  4710 | Bailey   | Entered a bailey
  4757 | Bailey   | Reached skill level 5 in Fighting
  4799 | Bailey   | Noticed an orc knight
  4827 | Bailey   | Killed an orc knight
  4828 | Bailey   | Reached skill level 8 in Unarmed Combat
  5035 | Bailey   | Mangled by an orc warrior

Illustrated notes

Levels and vault maps discovered:
D:1:      dpeg_arrival_short_road, layout_basic, serial_shops,
          nicolae_shop_pleasant_corner_grove
D:2:      layout_loops_cross, minivault_26
D:3:      layout_basic, slow_altar_1, worldfamousw_hep_ancestral_shrine,
          nicolae_sif_muna_little_library, lightli_temple_of_fire,
          chequers_serial_rivers_micro_d, columned_hall_lemuel
D:4:      layout_loops_cross, uniq_duvessa
D:5:      layout_cave_pools, chequers_serial_rivers_micro_e, uniq_grinder,
          uniq_sigmund
D:6:      layout_loops_ring, tso_metal_star, uniq_menkaure
D:7:      layout_layer_cave, amcnicky_altar_gilded, mainiacjoe_overflow_paths,
          temple_garden, enter_bailey_5, serial_park_tiny_1
Temple:   nicolae_temple_great_sept
Bailey:   bailey_axe_4, bailey

Skill      XL: |  1  2  3  4  5  6  7  8  9 |
---------------+----------------------------+-----
Fighting       | 2 3 4 5 |  5.5
Unarmed Combat | 4 5 6 7 8 |  8.4
Shapeshifting  | 4 5 6 7 |  7.2
Dodging        | |  2.0

Action                     |  1- 3 |  4- 6 |  7- 9 || total
---------------------------+-------+-------+-------++-------
  Melee: Unarmed           |    62 |    56 |   129 ||   247
         Constrict         |    11 |    14 |    32 ||    57
         Tentacles         |     8 |    11 |    36 ||    55
         Punch             |     1 |     3 |     5 ||     9
  Throw: Dart              |       |    21 |     5 ||    26
Ability: Begin Untransform |       |       |     1 ||     1
    Use: Potion            |       |     1 |       ||     1
         Scroll            |       |       |     4 ||     4
   Stab: Sleeping          |     5 |     7 |     3 ||    15
         Distracted        |       |       |     1 ||     1
 Armour: Skin              |     4 |     3 |     8 ||    15
  Dodge: Dodged            |    30 |    18 |    75 ||   123
   Form: Blade             |       |       |     1 ||     1

Table legend: (Time is in decaauts)
 A = Elapsed time spent in this place.
 B = Non-inter-level travel time spent in this place.
 C = Inter-level travel time spent in this place.
 D = Time resting spent in this place.
 E = Time spent auto-exploring this place.
 F = Levels seen in this place.
 G = Mean time per level.
                   A        B        C        D        E       F      G
               +--------+--------+--------+--------+--------+-----+--------+
         Total |   5010 |   4765 |    245 |    507 |   2810 |   9 |  556.7 |
       Dungeon |   4669 |   4424 |    245 |    433 |   2810 |   7 |  667.0 |
        Temple |     22 |     22 |      0 |      0 |      0 |   1 |   22.0 |
        Bailey |    318 |    318 |      0 |     74 |      0 |   1 |  318.0 |
               +--------+--------+--------+--------+--------+-----+--------+

Top non-repeatable levels by time:
     D:3: 1171 daAuts
     D:4: 1056 daAuts
     D:2: 709 daAuts
     D:5: 662 daAuts
     D:1: 647 daAuts
     D:7: 421 daAuts
  Bailey: 318 daAuts
  Temple: 22 daAuts
